 Dungeon Crawl Stone Soup version 0.28.0-53-g5a82cb258f (webtiles) character file.

Game seed: 9493149475943201817

58 Ethylacetat the Firebug (level 4, -2/36 HPs)
             Began as a Naga Fire Elementalist on Aug 11, 2022.
             Slain by an orc
             ... wielding a +0 whip
              (3 damage)
             ... while paralysed by Grinder
             ... on level 3 of the Dungeon.
             The game lasted 00:06:41 (2471 turns).

Ethylacetat the Firebug (Naga Fire Elementalist)    Turns: 2471, Time: 00:06:42

Health: -2/36      AC:  2    Str: 11    XL:     4   Next: 1%
Magic:  2/7        EV:  1    Int: 17    God:
Gold:   75         SH:  0    Dex: 11    Spells: 4/7 levels left

rFire   . . .      SeeInvis +   f - +0 club
rCold   . . .      Faith    .   (no shield)
rNeg    . . .      Spirit   .   a - +0 robe
rPois   +          Reflect  .   (no helmet)
rElec   .          Harm     .   (no cloak)
rCorr   .          Rampage  .   (no gloves)
Will    .....                   (no barding)
Stlth   ++........              (no amulet)
HPRegen 0.12/turn               (no ring)
MPRegen 0.10/turn               (no ring)

@: paralysed, short of breath, very slow
A: AC +1, large, see invisible, deformed body, poison resistance, slowness 2,
spit poison 1, naga tail 1
a: Spit Poison


You were on level 3 of the Dungeon.
You visited 1 branch of the dungeon, and saw 3 of its levels.

You collected 75 gold pieces.

Inventory:

Hand Weapons
 f - a +0 club (weapon)
Armour
 a - a +0 robe (worn)
Scrolls
 d - a scroll of enchant weapon {unknown}
 e - 3 scrolls of fog {unknown}
 g - 3 scrolls of identify {unknown}
Potions
 b - a potion of berserk rage {unknown}
 c - 4 potions of brilliance {unknown}
 h - a potion of cancellation {unknown}


   Skills:
 - Level 1.6 Dodging
 - Level 3.1 Stealth
 + Level 2.2 Spellcasting
 * Level 1.6 Conjurations
 * Level 4.2 Fire Magic


You had 4 spell levels left.
You knew the following spells:

 Your Spells              Type           Power      Damage    Failure   Level
a - Foxfire               Conj/Fire      44%        2x1d6     5%          1
b - Scorch                Fire           32%        2d6       4%          2

Your spell library contained the following spells:

 Spells                   Type           Power      Damage    Failure   Level
 Magic Dart               Conj           28%        1d4       10%         1
 Searing Ray              Conj           14%        2d5       14%         2
 Conjure Flame            Conj/Fire      11%        6-21      17%         3
 Inner Flame              Hex/Fire       9%         N/A       24%         3
 Ignite Poison            Fire/Tmut/Pois 6%         N/A       32%         3
 Mephitic Cloud           Conj/Pois/Air  3%         N/A       41%         3
 Flame Wave               Conj/Fire      11%        2d5       50%         4
 Fulminant Prism          Conj/Hex       2%         3d6       80%         4
 Freezing Cloud           Conj/Ice/Air   1%         6-21      99%         5


Dungeon Overview and Level Annotations

Branches:
Dungeon (3/15)

Altars:

Annotations:
D:3 Grinder


Innate Abilities, Weirdness & Mutations

Your serpentine skin is tough. (AC +1)
You have supernaturally acute eyesight. (SInv)
Armour fits poorly on your strangely shaped body.
Your system is resistant to poisons. (rPois)
You cover ground very slowly.
You can spit poison.
You have a snake-like lower body.


Message History

Confirm with . or Enter, or press ? or * to list all spells.
Flames lash Grinder.
Grinder is burned terribly!
Grinder is moderately wounded.
You hear a shout!
Casting: Scorch (safe; 4% risk of failure)
Confirm with . or Enter, or press ? or * to list all spells.
You don't have enough magic to cast this spell.
You conjure some foxfire!
Aiming: Spit Poison (1% risk of failure)
Press: ? - help, Shift-Dir - straight line, f - Grinder
Aim: Grinder (moderately wounded, more vulnerable to fire, ally target, 54% to hit)
The splash of poison hits Grinder.
Grinder is heavily wounded.
The foxfire hits Grinder.
Grinder is burned terribly!
Grinder is heavily wounded.
Grinder blinks!
You have got your breath back.
Grinder blinks!
Aiming: Spit Poison (1% risk of failure)
Press: ? - help, Shift-Dir - straight line, f - orc
Aim: an orc, wielding a +0 whip and wearing a +0 ring mail (65% to hit)
The splash of poison hits the orc.
The orc is lightly wounded.
You hit the orc but do no damage.
The orc is lightly wounded.
The orc hits you with a +0 whip. Grinder hits you but does no damage.
You barely miss the orc.
The orc is lightly wounded.
The orc hits you with a +0 whip. Grinder gestures at you.
You suddenly lose the ability to move!
The orc hits you with a +0 whip. Grinder gestures at you.
Pain shoots through your body! The orc hits you with a +0 whip.
Grinder hits you.
You writhe in agony.
The orc barely misses you. Grinder hits you!
* * * LOW HITPOINT WARNING * * *
You writhe in agony.
* * * LOW HITPOINT WARNING * * *
The orc hits you with a +0 whip.
You die...

#########
#.@5....# #
#o##.##.#.#
#.#.#.#..#
#..#....#
#.#..<#..
#.##.## #.
#...ยง...#
####.####
...


You could see Grinder and an orc.

Vanquished Creatures
  7 ball pythons
  7 bats
  4 endoplasms
  3 giant cockroaches
  2 goblins (D:1)
  7 hobgoblins
  8 jackals
  A quokka (D:2)
  3 frilled lizards
  6 rats
48 creatures vanquished.

Vanquished Creatures (others)
  A demonic plant (D:1)
  72 foxfires
73 creatures vanquished.

Grand Total: 121 creatures vanquished

Notes
Turn   | Place    | Note
-------+----------+-------------------------------------------
     0 | D:1      | Ethylacetat the Naga Fire Elementalist began the quest for
                  | the Orb.
     0 | D:1      | Reached XP level 1. HP: 15/15 MP: 3/3
   231 | D:1      | Reached XP level 2. HP: 22/22 MP: 0/5
   599 | D:1      | Found a faded altar of an unknown god.
   599 | D:1      | Noticed a Brimstone Fiend
  1098 | D:1      | Reached XP level 3. HP: 23/28 MP: 0/6
  1524 | D:2      | Learned a level 2 spell: Scorch
  1670 | D:2      | Reached skill level 4 in Fire Magic
  2178 | D:2      | Reached XP level 4. HP: 36/36 MP: 7/7
  2453 | D:3      | Noticed Grinder
  2468 | D:3      | Paralysed by Grinder for 7 turns
  2471 | D:3      | HP: 1/36 [Grinder (1)]
  2471 | D:3      | Slain by an orc

Illustrated notes

Levels and vault maps discovered:
D:1:      saegor_arrival_simple_d, layout_basic,
          dreamdust_ecumenical_altar_sealed_demon
D:2:      layout_basic
D:3:      minmay_diamond_boxcup, layout_loops_cross, gup_sewer_entry_bubbles,
          uniq_grinder

Skill      XL: |  1  2  3 |
---------------+----------+-----
Fire Magic     | 4 |  4.2
Dodging        | |  1.6
Stealth        | |  3.1
Spellcasting   | |  2.2
Conjurations   | |  1.6

Action                   |  1- 3 |  4- 6 || total
-------------------------+-------+-------++-------
Melee: Unarmed           |    12 |       ||    12
       Club              |    21 |     2 ||    23
       Punch             |     1 |       ||     1
 Cast: Foxfire           |    40 |     1 ||    41
       Scorch            |     1 |     3 ||     4
 Abil: Spit Poison       |    35 |     3 ||    38
Armor: Robe              |    11 |     1 ||    12
Dodge: Dodged            |    33 |     1 ||    34
